 Dungeon Crawl Stone Soup version 0.25-a0-544-gee0576305d (webtiles) character file.

Game seed: 1737982364047151523, levelgen mode: classic

3130 EnegeticOcto the Chopper (level 9, 46/85 HPs)
             Began as a Deep Dwarf Fighter on Feb 20, 2020.
             Was a Believer of Makhleb.
             Quit the game on level 10 of the Dungeon.
             The game lasted 00:03:05 (3473 turns).

EnegeticOcto the Chopper (Deep Dwarf Fighter)       Turns: 3473, Time: 00:03:06

Health: 46/85      AC:  9    Str: 24    XL:     9   Next: 61%
Magic:  8/8        EV:  7    Int: 10    God:    Makhleb [**....]
Gold:   264        SH:  8    Dex: 12    Spells: 8/8 levels left

rFire    . . .     SeeInvis .   a - +0 war axe
rCold    . . .     Gourm    .   c - +0 kite shield
rNeg     . . .     Faith    .   b - +0 scale mail
rPois    .         Spirit   .   (no helmet)
rElec    .         Reflect  .   m - +1 cloak
rCorr    .         Harm     .   s - +0 pair of gloves
MR       +....                  (no boots)
Stlth    ..........             (no amulet)
HPRegen  0.00/turn              (no ring)
MPRegen  0.11/turn              h - +2 ring of strength

@: non-regenerating, very heavily drained
A: damage resistance, heal wounds, sense surroundings 2, no regeneration
a: Heal Wounds, Minor Destruction, Renounce Religion


You were on level 10 of the Dungeon.
You worshipped Makhleb.
Makhleb was pleased with you.
You were not hungry.

You visited 2 branches of the dungeon, and saw 9 of its levels.
You also visited: Sewer.

You collected 264 gold pieces.

Inventory:

Hand Weapons
 a - a +0 war axe (weapon)
Armour
 b - a +0 scale mail (worn)
 c - a +0 kite shield (worn)
 m - a +1 cloak (worn)
 s - a +0 pair of gloves (worn)
Jewellery
 h - a +2 ring of strength (right hand)
Scrolls
 d - 2 scrolls of blinking {@r3}
 f - 5 scrolls of remove curse {@r6}
 n - a scroll of brand weapon {unknown}
 o - 2 scrolls of identify {@r1}
 p - 4 scrolls of teleportation {@r2}
 q - 2 scrolls of magic mapping {@r5}
 u - a scroll of fear
Potions
 g - 2 potions of curing {@q1}
 i - a potion of heal wounds {@q2}
 j - a potion of stabbing {@q5}
 k - a potion of might {@q3}
 r - 2 potions of brilliance
 t - 2 potions of cancellation {unknown}
Comestibles
 e - 9 rations
 l - 4 chunks of flesh


   Skills:
 * Level 6.8(2.0) Fighting
 * Level 7.9(2.9) Axes
 + Level 6.2(1.5) Armour
 + Level 4.9(0.4) Dodging
 + Level 6.2(1.5) Shields
 + Level 5.6(1.0) Invocations


You had 8 spell levels left.
You didn't know any spells.
Your spell library was empty.

Dungeon Overview and Level Annotations

Branches:
Dungeon (7/15)             Temple (1/1) D:4           Sewer (visited)

Altars:
Ashenzari
Cheibriados
Dithmenos
Elyvilon
Fedhas
Gozag
Hepliaklqana
Kikubaaqudgha
Makhleb
Nemelex Xobeh
Okawaru
Qazlal
Ru
Uskayaw
Vehumet
Xom
Yredelemnul
Zin
The Shining One

Shops:
D:5 }


Innate Abilities, Weirdness & Mutations

You are resistant to damage.
You can heal yourself by infusing magical energy.
You passively map the area around you.
You do not regenerate.


Message History

The orc warrior hits you with a +2 dire flail of draining!
You feel drained.
* * * LOW HITPOINT WARNING * * *
Something hits you but does no damage.
You are too injured to fight recklessly!
You are too injured to fight recklessly!
You are too injured to fight recklessly!
You are too injured to fight recklessly!
You are too injured to fight recklessly!
You are too injured to fight recklessly!
You feel much better. Something hits you.
The orc warrior hits you with a +2 dire flail of draining!
You feel drained.
You feel much better.
You hear some strange, mumbled words.
A puff of frost appears from out of thin air!
The puff of frost misses you. The orc warrior closely misses you.
You hear some strange, mumbled words.
A magic dart appears from out of thin air!
The magic dart hits you but does no damage.
You feel much better. Something completely misses you.
The orc warrior barely misses you.
You hit the orc warrior but do no damage.
The orc warrior is moderately wounded.
You hit something. You block something's attack. Something hits you.
You block the orc warrior's attack.
You hit the orc warrior but do no damage.
The orc warrior is moderately wounded.
You barely miss something. Something hits you but does no damage.
You block the orc warrior's attack. Something hits you but does no damage.
You closely miss the orc warrior.
The orc warrior is moderately wounded.
Your shield and scale mail prevent you from hitting something.
You hear some strange, mumbled words.
A magic dart appears from out of thin air!
The magic dart hits you.
The orc warrior hits you with a +2 dire flail of draining!
You feel drained. Something hits you.
You hit the orc warrior.
The orc warrior is heavily wounded.
You barely miss something. Something hits you but does no damage.
The orc warrior hits you with a +2 dire flail of draining!
You feel drained. Something hits you but does no damage.
Your shield and scale mail prevent you from hitting the orc warrior.
The orc warrior is heavily wounded.
You hit something. Something hits you. You block the orc warrior's attack.
Something hits you.
The orc warrior hits you with a +2 dire flail of draining.
You feel drained.
You hit the orc warrior.
The orc warrior is severely wounded.
You miss something. Something hits you but does no damage.
The orc warrior hits you with a +2 dire flail of draining!
You feel drained. Something hits you but does no damage.
Your shield and scale mail prevent you from hitting the orc warrior.
The orc warrior is severely wounded.
You slash something! Makhleb accepts your kill.
You feel better.
Reactivating autopickup.
You feel a bit more experienced.
The orc warrior hits you with a +2 dire flail of draining.
You feel drained.
You hit the orc warrior but do no damage.
The orc warrior is severely wounded.
You block the orc warrior's attack.
You closely miss the orc warrior.
The orc warrior is severely wounded.
You block the orc warrior's attack.
The orc warrior hits you with a +2 dire flail of draining.
You feel drained.
You closely miss the orc warrior.
The orc warrior is severely wounded.
You block the orc warrior's attack.
You barely miss the orc warrior.
The orc warrior is severely wounded.
The orc warrior hits you with a +2 dire flail of draining.
You feel drained.
You hit the orc warrior.
The orc warrior is severely wounded.
The orc warrior barely misses you.
You closely miss the orc warrior.
The orc warrior is severely wounded.
You block the orc warrior's attack.
You barely miss the orc warrior.
The orc warrior is severely wounded.
The orc warrior hits you with a +2 dire flail of draining!
* * * LOW HITPOINT WARNING * * *
You feel drained. You block the orc warrior's attack.
You are too injured to fight recklessly!
You are too injured to fight recklessly!
You are too injured to fight recklessly!
You are too injured to fight recklessly!
You are too injured to fight recklessly!
You are too injured to fight recklessly!
Your magical essence is drained by the effort!
You feel much better.
The orc warrior hits you with a +2 dire flail of draining!
You feel drained.
Are you sure you want to abandon this character and quit the game? (Confirm with "yes".)

#.......###..'....
#.......# ####....
######'## #....
#...# #.... #.###
##+## ####.# , ,
#....# #.#### * *
* #@#* * ,
#..†)o....#, ,,
#.........#,** *,*
, #.........# * *
#(........+
#.........# * * *
#.........# ,
#.........# * * ,
*


You could see an orc warrior.

Vanquished Creatures
  A two-headed ogre (D:10)
  Pikel (D:4)
  A hippogriff (D:10)
  A hungry ghost (D:10)
  Menkaure (D:6)
  2 ice beasts (D:5)
  A sky beast (D:6)
  3 ogres
  A centaur (D:5)
  3 bullfrogs
  2 scorpions (D:5)
  2 howler monkeys
  3 crimson imps
  A quasit (D:5)
  4 orc priests
  A hound (D:6)
  A centaur skeleton (D:6)
  Natasha (D:4)
  4 orc wizards
  3 worker ants
  A howler monkey zombie (D:5)
  3 adders
  3 adder skeletons
  2 dart slugs
  3 leopard geckos
  11 orcs
  3 ball pythons
  5 bats
  8 giant cockroaches
  A goblin (D:3)
  3 hobgoblins
  9 jackals
  2 quokkas
  11 frilled lizards
  A jackal skeleton (D:5)
  4 kobolds
  3 rats
110 creatures vanquished.

Vanquished Creatures (others)
  Natasha (D:4)
  3 giant cockroaches (D:4)
4 creatures vanquished.

Grand Total: 114 creatures vanquished

Notes
Turn   | Place    | Note
-------+----------+-------------------------------------------
     0 | D:1      | EnegeticOcto the Deep Dwarf Fighter began the quest for the
                  | Orb.
     0 | D:1      | Reached XP level 1. HP: 20/20 MP: 1/1
   137 | D:1      | Reached XP level 2. HP: 27/27 MP: 2/2
   502 | D:3      | Reached XP level 3. HP: 28/34 MP: 3/3
   592 | D:3      | Reached skill level 1 in Dodging
   632 | D:3      | Found a stormy altar of Qazlal.
   781 | D:4      | Noticed Natasha
   787 | D:4      | Killed Natasha
   787 | D:4      | Reached skill level 3 in Axes
   834 | D:4      | Found a staircase to the Ecumenical Temple.
   880 | D:4      | Reached XP level 4. HP: 29/42 MP: 4/4
   907 | Temple   | Entered the Ecumenical Temple
   911 | Temple   | Became a worshipper of Makhleb the Destroyer
  1222 | D:4      | Noticed Pikel
  1222 | D:4      | Noticed a slave
  1223 | D:4      | Found a glowing drain.
  1223 | D:4      | Noticed a slave
  1223 | D:4      | Noticed a slave
  1223 | D:4      | Noticed a slave
  1261 | D:4      | Killed Pikel
  1261 | D:4      | Reached skill level 4 in Axes
  1261 | D:4      | Reached XP level 5. HP: 32/51 MP: 4/6
  1261 | D:4      | Reached XP level 6. HP: 36/58 MP: 4/7
  1261 | D:4      | Reached XP level 7. HP: 41/66 MP: 4/8
  1276 | Sewer    | Entered a sewer
  1512 | Sewer    | Reached skill level 5 in Axes
  1626 | D:4      | Killed Natasha
  1887 | D:5      | Entered Level 5 of the Dungeon
  1947 | D:5      | Found Xurphewk's Gadget Boutique.
  2010 | D:5      | Reached * piety under Makhleb
  2010 | D:5      | Reached skill level 5 in Fighting
  2010 | D:5      | Reached XP level 8. HP: 55/74 MP: 9/9
  2084 | D:5      | Reached skill level 5 in Shields
  2097 | D:5      | Reached skill level 5 in Armour
  2173 | D:5      | Reached skill level 6 in Axes
  2569 | D:6      | Found a blossoming altar of Fedhas.
  2569 | D:6      | Found an iron altar of Okawaru.
  2569 | D:6      | Found a snail-covered altar of Cheibriados.
  2569 | D:6      | Found a hazy altar of Hepliaklqana.
  2576 | D:6      | Found a radiant altar of Vehumet.
  2578 | D:6      | Found a stormy altar of Qazlal.
  2666 | D:6      | Found a sparkling altar of Nemelex Xobeh.
  2920 | D:6      | Reached ** piety under Makhleb
  2981 | D:6      | Noticed Menkaure
  2987 | D:6      | Killed Menkaure
  2987 | D:6      | Reached skill level 7 in Axes
  2987 | D:6      | Gained mutation: You passively map the area around you.
                  | [Deep Dwarf growth]
  2987 | D:6      | Reached XP level 9. HP: 61/82 MP: 10/10
  3337 | D:7      | You fall into a shaft and drop 3 floors!
  3337 | D:10     | Entered Level 10 of the Dungeon
  3343 | D:10     | Noticed a two-headed ogre
  3399 | D:10     | Killed a two-headed ogre
  3399 | D:10     | Reached skill level 5 in Invocations
  3473 | D:10     | Quit the game

Levels and vault maps discovered:
D:1:      dpeg_arrival_signposts, layout_loops_cross, serial_rivers,
          chequers_serial_rivers_small_b, chequers_serial_rivers_small_b,
          chequers_serial_rivers_small_a, chequers_serial_rivers_small_a,
          chequers_serial_rivers_marsh, minivault_14
D:2:      layout_rooms, minmay_misc_feat_alley, lemuel_tele_altar
D:3:      layout_basic, first_ration, nicolae_qazlal_eye_of_the_storm,
          uniq_sigmund
D:4:      layout_loops_ring, minmay_temple_entry_glassed_door, serial_forest,
          infiniplex_forest_clump_diagonal, infiniplex_forest_end_2,
          infiniplex_forest_zigzag_2, infiniplex_forest_3_way,
          infiniplex_forest_lined_corner, infiniplex_forest_straight_2,
          infiniplex_forest_straight_3, infiniplex_forest_join,
          infiniplex_forest_corner_2, portal_sewer_entry_f, nrook_loot_triangle,
          uniq_pikel, uniq_natasha
D:5:      layout_cave_pools, serial_shops, nicolae_shop_trees
D:6:      layout_basic, minmay_overflow_temple_hex, nemelex_spade_bored_becter,
          uniq_menkaure
D:7:      layout_loops_corners
D:10:     layout_roguey, hangedman_ranch [blue_anna_fruit_fields],
          minmay_rotating_lava
Temple:   nicolae_temple_x_marks_the_god

Skill      XL: |  1  2  3  4  5  6  7  8  9 |
---------------+----------------------------+-----
Fighting       | 3 4 5 6 |  6.8
Dodging        | 1 2 3 4 |  4.9
Axes           | 3 4 5 7 |  7.9
Armour         | 4 5 6 |  6.2
Shields        | 4 5 6 |  6.2
Invocations    | 2 3 4 5 |  5.6

Action                   |  1- 3 |  4- 6 |  7- 9 || total
-------------------------+-------+-------+-------++-------
Melee: War axe           |   116 |    37 |   384 ||   537
 Abil: Heal Wounds       |     1 |     1 |    22 ||    24
  Use: Scroll            |       |       |    13 ||    13
  Eat: Chunk             |       |       |    17 ||    17
       Ration            |       |       |     1 ||     1
Armor: Scale mail        |    69 |    16 |   213 ||   298
Dodge: Dodged            |    37 |    11 |   167 ||   215
Block: Kite shield       |    83 |    19 |   252 ||   354

Table legend:
 A = Non-vault XP
 B = Vault XP
 C = Vault XP percentage of total XP
 D = Non-vault monster count
 E = Vault monster count
 F = Vault count percentage of total count
                 A         B        C        D         E       F
            +---------+---------+-------+---------+---------+-------
      Total |    3389 |    1083 |  24.2 |      87 |      23 |  20.9
            +---------+---------+-------+---------+---------+-------
        D:1 |      26 |       0 |   0.0 |      14 |       0 |   0.0
        D:2 |      10 |       0 |   0.0 |       5 |       0 |   0.0
        D:3 |      24 |       0 |   0.0 |       8 |       0 |   0.0
        D:4 |       8 |     700 |  98.9 |       2 |       3 |  60.0
        D:5 |    1048 |       0 |   0.0 |      27 |       0 |   0.0
        D:6 |     724 |     172 |  19.2 |      20 |       1 |   4.8
        D:7 |      52 |       0 |   0.0 |       4 |       0 |   0.0
       D:10 |    1497 |       0 |   0.0 |       7 |       0 |   0.0
      Sewer |       0 |     211 | 100.0 |       0 |      19 | 100.0
            +---------+---------+-------+---------+---------+-------
